Map: Cyber Forest LE

Players

Mez

  • Race: Terran Terran
  • League: Master
  • Spawn Location: 11:00

BronzePlayer - Winner!

  • Race: Protoss Protoss
  • Spawn Location: 5:00

VOD

Have the link to the VOD?

Description

Time

  • Played on: Aug. 5, 2019, 7:43 a.m.
  • Length: 12:03
Show
View Real Time Build Order
Export as new Build Order

Mez Terran 

Build Orders: Reaper Expand 

Get SALT Encoding   

  12  0:00  SCV  
  13  0:13  SCV  
  14  0:17  Supply Depot  
  14  0:25  SCV  
  15  0:38  SCV  
  15  0:40  Barracks  
  16  0:46  Refinery  
  16  0:50  SCV  
  17  1:03  SCV  
  18  1:17  SCV  
  19  1:29  Reaper, Orbital Command  
  20  1:44  Command Center  
  20  1:54  Supply Depot  
  20  1:57  SCV  
  21  2:02  Barracks Reactor  
  21  2:09  SCV  
  22  2:27  Command Center  
  22  2:30  SCV  
  22  2:35  Barracks  
  23  2:38  Marine x2  
  25  2:45  SCV  
  26  2:57  SCV, Marine, Orbital Command  
  26  2:58  Marine  
  29  3:15  Marine x2  
  29  3:17  SCV  
  32  3:20  Engineering Bay  
  32  3:23  SCV  
  32  3:25  Barracks Tech Lab  
  33  3:29  SCV  
  34  3:36  Marine x2  
  34  3:40  Orbital Command  
  34  3:41  Bunker, SCV  
  37  3:45  SCV  
  38  3:53  Stimpack, SCV  
  38  3:54  Marine x3  
  42  3:56  Terran Infantry Weapons Level 1  
  42  3:58  SCV  
  43  4:03  Refinery  
  43  4:04  Refinery  
  43  4:09  SCV x2  
  45  4:14  Marine x3  
  48  4:19  SCV, Supply Depot  
  48  4:21  SCV x2  
  51  4:33  Marine x3  
  51  4:34  SCV x2  
  51  4:35  SCV  
  57  4:40  Factory  
  57  4:46  SCV x2  
  57  4:47  Supply Depot  
  57  4:51  Marauder, Orbital Command  
  61  4:59  Marine x2  
  63  5:03  SCV  
  63  5:04  Bunker, Barracks  
  63  5:05  Barracks  
  63  5:06  Barracks  
  65  5:21  SCV x3  
  67  5:31  Marine x2, Marauder  
  67  5:33  SCV x3, Factory Reactor  
  67  5:34  Starport  
  74  5:36  Armory  
  74  5:37  Engineering Bay  
  74  5:45  SCV x2  
  74  5:46  SCV  
  76  5:54  Supply Depot  
  76  5:55  Barracks Reactor  
  76  5:56  Barracks Reactor x2, Bunker  
  76  5:57  Barracks Reactor, SCV  
  76  5:58  Barracks Tech Lab  
  76  5:59  Barracks Tech Lab  
  76  6:04  Refinery, Terran Infantry Armor Level 1  
  77  6:11  Supply Depot x2  
  77  6:13  Combat Shield, Supply Depot  
  77  6:15  SCV x3  
  80  6:22  Marine, Marauder x3  
  80  6:23  Marine  
  88  6:26  Medivac  
  88  6:27  SCV, Medivac  
  88  6:31  Supply Depot  
  93  6:40  SCV x2  
  93  6:41  Marine x2  
  93  6:42  Marine x2  
  93  6:43  Marauder  
  93  6:45  SCV  
  93  6:47  Supply Depot  
  102  6:49  Concussive Shells, Supply Depot  
  102  6:52  SCV, Terran Infantry Weapons Level 2  
  103  6:54  SCV  
  103  6:59  Supply Depot  
  106  7:08  Marine x2, Marauder  
  106  7:09  Marine, Marauder x2  
  113  7:25  Barracks  
  113  7:26  Barracks  
  113  7:27  Marine  
  113  7:28  Marine, Barracks  
  113  7:29  Refinery  
  119  7:30  Refinery, SCV x3, Marauder  
  119  7:34  Marine, Marauder x2  
  125  7:37  Supply Depot  
  125  7:44  Medivac x2  
  129  7:53  Marine x4, Marauder  
  129  7:56  Marauder, Ghost Academy  
  137  8:09  Marauder  
  137  8:11  Marine x2  
  140  8:12  Supply Depot  
  140  8:15  Marauder  
  140  8:16  Barracks  
  140  8:17  Barracks, Marauder  
  129  8:27  Barracks Reactor, Barracks Tech Lab x2  
  129  8:31  Marauder  
  128  8:36  Marauder  
  128  8:38  Marauder  
  129  8:52  Marine x3, Marauder x3  
  129  8:54  Terran Infantry Armor Level 2  
  136  8:57  Marauder  
  136  8:59  Marine  
  136  9:00  Marauder, Medivac x2  
  136  9:01  Bunker  
  144  9:06  Barracks Tech Lab x2  
  144  9:07  Marine x2  
  146  9:10  Marine x2  
  150  9:20  Ghost x2  
  152  9:26  SCV x2  
  152  9:27  SCV  
  152  9:30  Medivac  
  157  9:38  SCV, Command Center  
  147  9:45  Marine  
  147  9:46  Marauder  
  147  9:50  Marine x9, Marauder x2  
  122  10:09  Marine x6, Marauder x2  
  122  10:11  Medivac  
  122  10:12  Medivac  
  115  10:24  Marine  
  115  10:25  Marine x4  
  115  10:26  Marine  
  115  10:27  Marine x3  
  120  10:30  Command Center  
  112  10:36  SCV x3  
  112  10:46  Marine  
  112  10:47  Marine  
  112  10:48  SCV x3  
  117  10:59  Marine x3  
  117  11:00  SCV x2  
  117  11:01  SCV  
  118  11:14  SCV x3  
  114  11:26  SCV x2  
  114  11:27  SCV  
  114  11:28  Marine, Marauder x2  
  122  11:36  Marauder x2  
  122  11:38  SCV x2  
  122  11:39  SCV  
Show
View Real Time Build Order
Export as new Build Order

BronzePlayer Protoss - Winner!

Build Orders: 1 Gate Expand, Zealot Archon 

Get SALT Encoding   

  12  0:00  Probe  
  13  0:12  Probe  
  14  0:17  Pylon  
  14  0:24  Probe  
  15  0:32  Probe  
  15  0:37  Gateway  
  15  0:40  Probe  
  16  0:46  Assimilator  
  17  0:51  Probe  
  18  1:03  Probe  
  19  1:15  Probe  
  20  1:25  Nexus  
  20  1:35  Cybernetics Core  
  20  1:42  Probe  
  20  1:44  Assimilator  
  21  1:53  Pylon  
  21  1:55  Probe  
  22  2:01  Adept  
  22  2:03  Probe  
  23  2:12  Probe, Warp Gate  
  25  2:22  Probe  
  26  2:23  Adept  
  27  2:34  Probe  
  27  2:36  Probe  
  31  2:46  Probe  
  31  2:49  Probe  
  33  2:53  Twilight Council  
  34  2:58  Probe  
  34  3:01  Probe  
  35  3:10  Probe  
  34  3:13  Probe  
  35  3:20  Stalker, Gateway  
  35  3:21  Robotics Facility  
  35  3:22  Probe  
  35  3:25  Probe  
  39  3:27  Pylon  
  39  3:30  Probe  
  39  3:31  Charge  
  39  3:37  Probe  
  39  3:38  Probe  
  42  3:50  Probe  
  43  3:56  Probe  
  43  3:59  Nexus  
  43  4:01  Stalker  
  46  4:04  Pylon  
  46  4:09  Probe, Observer  
  48  4:16  Gateway  
  48  4:17  Sentry  
  50  4:19  Gateway  
  50  4:23  Gateway  
  50  4:28  Gateway  
  50  4:33  Assimilator  
  50  4:43  Stalker  
  50  4:44  Stalker  
  54  4:46  Probe x2  
  54  4:50  Pylon  
  56  4:53  Pylon  
  56  4:54  Observer  
  56  4:58  Probe x2  
  59  5:08  Probe  
  59  5:09  Probe x2  
  59  5:10  Forge  
  59  5:13  Forge  
  62  5:17  Probe  
  62  5:18  Protoss Ground Weapons Level 1  
  62  5:20  Probe  
  62  5:21  Zealot x3, Probe  
  65  5:23  Protoss Ground Armor Level 1  
  70  5:29  Probe  
  70  5:31  Probe  
  70  5:33  Probe  
  73  5:38  Pylon  
  73  5:39  Templar Archives  
  73  5:41  Probe, Pylon  
  74  5:47  Probe x2  
  76  5:56  Immortal  
  80  6:02  Probe x3  
  83  6:05  Assimilator  
  83  6:07  Assimilator x2  
  83  6:13  Pylon  
  83  6:14  Pylon  
  83  6:15  Probe  
  83  6:16  Probe x2  
  86  6:18  High Templar x2  
  86  6:19  Zealot  
  86  6:20  Zealot  
  94  6:28  Probe x2  
  96  6:36  Gateway  
  96  6:38  Gateway  
  96  6:41  Gateway  
  96  6:43  Observer  
  96  6:44  Gateway  
  96  6:46  Pylon  
  97  6:47  Archon, Pylon  
  97  6:55  Probe x3  
  97  6:56  Nexus  
  97  6:57  Pylon  
  97  6:59  Blink  
  100  7:02  High Templar x2  
  100  7:03  Zealot x2  
  108  7:13  Archon  
  107  7:19  Stalker x2  
  107  7:20  Warp Prism  
  107  7:21  Protoss Ground Weapons Level 2  
  113  7:25  Pylon  
  113  7:32  Pylon  
  113  7:38  High Templar x2  
  113  7:39  Zealot  
  113  7:40  Zealot x5  
  113  7:42  Archon  
  113  7:44  Pylon  
  129  7:50  Protoss Ground Armor Level 2  
  129  7:51  Pylon  
  129  7:52  Pylon x2  
  126  8:16  Zealot x10  
  144  8:26  Robotics Bay  
  136  8:27  Probe, Assimilator  
  136  8:32  Assimilator  
  136  8:33  Probe x3  
  134  8:35  Immortal  
  134  8:53  Zealot x7  
  134  8:54  Zealot x2  
  152  9:05  Robotics Facility  
  152  9:12  Extended Thermal Lance  
  152  9:19  Colossus  
  158  9:39  Zealot  
  158  9:40  Zealot x9  
  122  10:04  Colossus x2  
  122  10:07  Zealot x10  
  114  10:30  High Templar x6  
  114  10:31  High Templar x4  
  134  10:35  Archon x2  
  134  10:36  Archon x3  
  130  10:58  Colossus x2  
  142  11:04  Zealot x2  
  142  11:06  Zealot x6  
  142  11:07  Zealot  
  158  11:17  Nexus  
  152  11:32  High Templar x4  
  160  11:33  Zealot x3  
  160  11:36  Archon  
  160  11:37  Archon  
Tags
 
Add a new tag
Caveats
  • Supply blocks, unpowered buildings, or Contaminate may cause inaccurate times.
  • Supply counts are checked every 10 seconds.